[Event "European Women's Chess Championship (1-48)"]
[Site "Batumi, Georgia"]
[Date "2026.05.25"]
[Round "1.1"]
[White "Tsolakidou, Stavroula"]
[Black "Calzetta Ruiz, Monica"]
[Result "1-0"]
[TimeControl "90min/ 40moves+ 30min+ 30-sec increment from move 1"]
[WhiteTitle "-"]
[BlackTitle "-"]
[WhiteFideId "4264312"]
[BlackFideId "2204185"]
[WhiteElo "2455"]
[BlackElo "2199"]

1. e4 c5 2. Nf3 g6 3. c3 d5 4. e5 a6 5. d4 Nc6 6. h3 Bg7 7. g3 Bf5 8. Bg2 Qd7 9. Nh4 Be4 10.
f3 Bxb1 11. Rxb1 cxd4 12. cxd4 e6 13. Be3 Bf8 14. f4 Be7 15. Nf3 h5 16. O-O Nh6 17. a3 Rc8 18. Bf2 Na5 19. Ne1 Nf5 20.
Nd3 Nc4 21. Qe2 Rc6 22. a4 Qc8 23. Rbc1 b6 24. b3 Na5 25. Rxc6 Nxc6 26. Qb2 Kd7 27. b4 Qa8 28. Rc1 Rc8 29. Bf1 Bd8 30. g4 hxg4 31. hxg4 Nfe7 32.
Ne1 Nb8 33. b5 a5 34. Nf3 Qb7 35. Bd3 Rxc1+ 36. Qxc1 Qc7 37. Qd2 Ke8 38. Ng5 Nd7 39. Nh7 Ng8 40. f5 gxf5 41. gxf5 Nxe5 42.
dxe5 Qxe5 43. fxe6 Qg7+ 44. Kf1 fxe6 45. Qc1 Ne7 46. Qg5 Nf5 47. Qxg7 Nxg7 48. Bg6+ Kd7 49. Bd4 Nf5 50. Nf8+ Kd6 51.
Bxf5 exf5 52. Ng6 Bc7 53. Ke2 Bd8 54. Kf3 Bc7 55. Nf4 Bd8 56. Kg3 Bc7 57. Kh4 Bd8+ 58. Kh5 1-0

[Event "European Women's Chess Championship (1-48)"]
[Site "Batumi, Georgia"]
[Date "2026.05.25"]
[Round "1.2"]
[White "Maisuradze, Nino"]
[Black "Osmak, Yuliia"]
[Result "0-1"]
[TimeControl "90min/ 40moves+ 30min+ 30-sec increment from move 1"]
[WhiteTitle "-"]
[BlackTitle "-"]
[WhiteFideId "13601717"]
[BlackFideId "14101602"]
[WhiteElo "2198"]
[BlackElo "2451"]

1. d4 Nf6 2. c4 e6 3. Nc3 Bb4 4.
e3 O-O 5. a3 Bxc3+ 6. bxc3 d6 7.
f3 c5 8.
e4 Nc6 9. Ra2 Qa5 10. Bd2 Qb6 11. Be3 d5 12. e5 Nd7 13. cxd5 exd5 14. f4 cxd4 15. cxd4 Qa5+ 16. Bd2 Qb6 17.
Bc3 Re8 18. Nf3 Nf6 19. Bd3 Ne4 20. Ba1 Qa5+ 21. Kf1 b6 22. Rc2 Ne7 23. Bb2 Ba6 24. Qe2 Bxd3 25. Qxd3 Rac8 26. Ke2 Rxc2+ 27. Qxc2 Qb5+ 28. Ke1 Rc8 29. Qb1 Qb3 0-1

[Event "European Women's Chess Championship (1-48)"]
[Site "Batumi, Georgia"]
[Date "2026.05.25"]
[Round "1.3"]
[White "Fataliyeva, Ulviyya"]
[Black "Olde, Margareth"]
[Result "1-0"]
[TimeControl "90min/ 40moves+ 30min+ 30-sec increment from move 1"]
[WhiteTitle "-"]
[BlackTitle "-"]
[WhiteFideId "13403052"]
[BlackFideId "4503082"]
[WhiteElo "2450"]
[BlackElo "2194"]

1. d4 d5 2. Nf3 Nf6 3. Bf4 c5 4. e3 Nc6 5. Nbd2 cxd4 6. exd4 Qb6 7. Nb3 Bg4 8. Be2 a5 9. a4 e6 10.
h3 Bh5 11. Bb5 Ne4 12. g4 Bg6 13. Ne5 f6 14. Nxg6 hxg6 15. Bd3 g5 16. Be3 Nb4 17. Bb5+ Kf7 18. c3 Na6 19. Bd3 Be7 20.
Kf1 Nd6 21. Bc2 Nc4 22. Bc1 Rh6 23. Qf3 Kg8 24. h4 Rxh4 25. Rxh4 gxh4 26. Qd3 Bf8 27. Qh7+ Kf7 28. Bh6 f5 29.
gxf5 e5 30. Bg5 e4 31. Bd1 Ke8 32. Bh5+ Kd7 33. f6 Qxb3 34. fxg7 Bxg7 35. Qxg7+ Kc8 36. Bf4 Nd2+ 37. Bxd2 Qxb2 38. Bf4 Qxa1+ 39. Kg2 Qxa4 40. Bg4+ Kd8 41.
Qf8+ Qe8 42. Qd6+ 1-0

[Event "European Women's Chess Championship (1-48)"]
[Site "Batumi, Georgia"]
[Date "2026.05.25"]
[Round "1.4"]
[White "Chernyak, Viktoria"]
[Black "Javakhishvili, Lela"]
[Result "0-1"]
[TimeControl "90min/ 40moves+ 30min+ 30-sec increment from move 1"]
[WhiteTitle "-"]
[BlackTitle "-"]
[WhiteFideId "24165956"]
[BlackFideId "13601458"]
[WhiteElo "2191"]
[BlackElo "2442"]

1. d4 Nf6 2. c4 e6 3. Nc3 d5 4. Bg5 Nbd7 5. e3 h6 6. Bxf6 Nxf6 7. cxd5 exd5 8. Bd3 Bd6 9. Qc2 O-O 10.
Nge2 c6 11. Ng3 Re8 12. a3 a5 13. O-O Ng4 14. Be2 h5 15. Bxg4 hxg4 16. Rfe1 Be6 17. e4 dxe4 18. Rxe4 b5 19.
Rae1 b4 20. axb4 axb4 21. Nb1 Re7 22. R4e2 Bxg3 23. hxg3 Qxd4 24. Qxc6 Bd5 25. Qc2 Rxe2 26. Rxe2 Bb7 27. Qd2 Qc4 28.
Re3 Qc6 29. f3 gxf3 30. Rxf3 Qg6 31. Rf1 Qxg3 32. Qe2 Rd8 33. Rf2 Qd3 34. Qxd3 Rxd3 35. Nd2 Bd5 36. Re2 f6 37. Kf2 Kf7 38.
Nf1 Be6 39. Rc2 f5 40. Re2 g5 41. g3 Bd5 42. Re3 Rd1 43. Re1 Rxe1 44. Kxe1 Kf6 45. Kd2 Ke5 46. Kd3 f4 47. gxf4+ Kxf4 48.
Ne3 Be6 49. Ke2 Ke4 50. Nc2 Bc4+ 51. Kd2 g4 52. Ke1 b3 53. Nb4 g3 54. Nc6 Bd3 55. Nb4 Bb5 0-1

[Event "European Women's Chess Championship (1-48)"]
[Site "Batumi, Georgia"]
[Date "2026.05.25"]
[Round "1.5"]
[White "Narva, Mai"]
[Black "Peycheva, Gergana"]
[Result "1-0"]
[TimeControl "90min/ 40moves+ 30min+ 30-sec increment from move 1"]
[WhiteTitle "-"]
[BlackTitle "-"]
[WhiteFideId "4500512"]
[BlackFideId "2916711"]
[WhiteElo "2426"]
[BlackElo "2186"]

1. e4 c6 2. d4 d5 3. e5 c5 4. Nf3 cxd4 5. Qxd4 Nc6 6. Qf4 e6 7. Bd3 f6 8. Qh4 f5 9. Qg3 Nge7 10.
h4 Qc7 11. O-O Bd7 12. Nc3 a6 13. Be3 O-O-O 14. Rfe1 Ng6 15. Bg5 Be7 16. Bd2 Rdf8 17. Qh2 d4 18. Nb1 Bc5 19. a4 Kb8 20.
Na3 Nge7 21. Nc4 Nd5 22. a5 Rhg8 23. Rab1 Ncb4 24. Nd6 Qxa5 25. Nxf5 Qc7 26. Nd6 Nxd3 27. cxd3 Qb6 28. Rec1 Bb4 29.
Nc4 Qa7 30. Qg3 Bxd2 31. Nfxd2 Nf4 32. Re1 Bc6 33. Ne4 Bd5 34. Ncd6 Qb6 35. b4 a5 36. bxa5 Qxb1 37. Rxb1 Ne2+ 38.
Kh2 Nxg3 39. Kxg3 Kc7 40. Rc1+ Kb8 41. Nc5 Rd8 42. Rb1 Ka8 43. Rb4 g5 44. h5 Rg7 45. Rxd4 Rc7 46. Na4 Bc6 47.
Nc3 h6 48. Rc4 Rcd7 49. a6 Ka7 50. axb7 Bxb7 51. Ra4+ Kb6 52. Rb4+ Ka6 53. d4 Bc6 54. f3 Rc7 55. Rb1 Rg7 56.
Na2 Be8 57. Nb4+ Kb6 58. Nd5+ Kc6 59. Nf6 Bd7 60. Rc1+ Kb6 61. d5 Re7 62. Nxd7+ Rexd7 63. dxe6 Re7 64. Rc8 1-0

[Event "European Women's Chess Championship (1-48)"]
[Site "Batumi, Georgia"]
[Date "2026.05.25"]
[Round "1.6"]
[White "Zeliantsova, Kseniya"]
[Black "Ushenina, Anna"]
[Result "1/2-1/2"]
[TimeControl "90min/ 40moves+ 30min+ 30-sec increment from move 1"]
[WhiteTitle "-"]
[BlackTitle "-"]
[WhiteFideId "13512617"]
[BlackFideId "14110911"]
[WhiteElo "2176"]
[BlackElo "2420"]

1. e4 c5 2. Nf3 Nc6 3. Bb5 e6 4. O-O Nge7 5. Re1 h6 6. c3 a6 7. Bf1 d5 8. exd5 Nxd5 9. d4 Nf6 10.
dxc5 Qxd1 11. Rxd1 Bxc5 12. Nbd2 Bd7 13. h3 Rd8 14. b4 Be7 15. Bb2 O-O 16. a4 Bc8 17. b5 Nb8 18. c4 Nbd7 19.
Nb3 Ne4 20. Nfd2 Nxd2 21. Rxd2 Nc5 22. Rxd8 Rxd8 23. Nxc5 Bxc5 24. Ba3 Bxa3 25. Rxa3 Kf8 26. c5 Ke7 27. Rc3 axb5 28. Bxb5 Rd1+ 29.
Kh2 Bd7 30. c6 bxc6 31. Bxc6 Bxc6 32. Rxc6 Ra1 33. Ra6 h5 34. h4 Ra3 35. g3 1/2-1/2

[Event "European Women's Chess Championship (1-48)"]
[Site "Batumi, Georgia"]
[Date "2026.05.25"]
[Round "1.7"]
[White "Khotenashvili, Bella"]
[Black "Khurtsilava, Inga"]
[Result "1/2-1/2"]
[TimeControl "90min/ 40moves+ 30min+ 30-sec increment from move 1"]
[WhiteTitle "-"]
[BlackTitle "-"]
[WhiteFideId "13602640"]
[BlackFideId "13600419"]
[WhiteElo "2415"]
[BlackElo "2175"]

1. d4 Nf6 2. Bg5 d5 3. Nd2 Nbd7 4. e3 e5 5. Ngf3 e4 6. Ne5 Be7 7. Bf4 Nxe5 8. dxe5 Nd7 9. Nb3 Nc5 10.
Nd4 O-O 11. Qd2 Ne6 12. O-O-O Nxd4 13. exd4 Bg4 14. f3 exf3 15. Re1 c5 16. gxf3 Bf5 17. dxc5 Rc8 18. Bd3 Qd7 19. Rhg1 g6 20.
Bh6 Rfd8 21. h4 Bxc5 22. Rg5 Bb4 23. Qxb4 Bxd3 24. Rg2 Rc4 25. Qa3 Bf5 26. Rd2 Rdc8 27. c3 Rxh4 28. Be3 Ra4 29.
Qd6 Rxa2 30. Rd4 Qb5 31. Qb4 Qc6 32. Bh6 Re8 33. Kd2 Ra6 34. f4 Rb6 35. Qa3 Qb5 36. b4 Rc6 37. Qa5 Qxa5 38.
bxa5 Rc5 39. Rb4 Rxa5 40. Rxb7 Ra2+ 41. Ke3 Rc8 42. Rc1 Rh2 43. Bg5 Rh3+ 44. Kf2 d4 45. c4 d3 46. Bf6 Rh2+ 47.
Kg3 Rc2 48. Rd1 R2xc4 49. Rxa7 R4c7 50. Ra6 h5 51. Rd6 Kh7 52. Ra1 Rb7 53. Ra4 Rd7 54. Rad4 Rb7 55. Kf3 Rb3 56. Rd8 Rbb8 57.
Rxc8 Rxc8 58. Ke3 h4 59. Bxh4 Kh6 60. Rd8 Rxd8 61. Bxd8 Kh5 62. Bg5 Kg4 63. Bh6 Kg3 64. Bg5 Kh3 65.
Bh6 Kg4 66. Bg5 Kg3 67. Bh6 Kg2 68. Bg5 Kf1 69. Kd2 Kf2 70. Bh6 Kf3 71. Bg5 Ke4 1/2-1/2

[Event "European Women's Chess Championship (1-48)"]
[Site "Batumi, Georgia"]
[Date "2026.05.25"]
[Round "1.8"]
[White "Starosta, Martyna"]
[Black "Arabidze, Meri"]
[Result "1/2-1/2"]
[TimeControl "90min/ 40moves+ 30min+ 30-sec increment from move 1"]
[WhiteTitle "-"]
[BlackTitle "-"]
[WhiteFideId "21818754"]
[BlackFideId "13604040"]
[WhiteElo "2175"]
[BlackElo "2409"]

1. e4 c5 2. Nf3 e6 3. d4 cxd4 4. Nxd4 a6 5. Bd3 Bc5 6. Nb3 Ba7 7. Qg4 Nf6 8. Qg3 d6 9. Bg5 Nc6 10.
Nc3 h6 11. Bd2 Nh5 12. Qg4 Nf6 13. Qg3 b5 14. O-O Kf8 15. Rad1 Ne5 16. Kh1 Bb7 17. a3 Nxd3 18. cxd3 Rc8 19.
Rc1 Kg8 20. Ne2 Rxc1 21. Nbxc1 Kh7 22. Bc3 Bb6 23. Qf3 Qe7 24. Ng3 Rc8 25. Nce2 Nd7 26. Nh5 Ne5 27. Qh3 Qg5 28. f4 Qg4 29.
fxe5 Qxe2 30. Ng3 Qxd3 31. exd6 Bd4 32. d7 Rd8 33. Rf3 Qd1+ 34. Rf1 Qd3 35. Rf3 Qb1+ 36. Rf1 Qd3 1/2-1/2

[Event "European Women's Chess Championship (1-48)"]
[Site "Batumi, Georgia"]
[Date "2026.05.25"]
[Round "1.9"]
[White "Wagner, Dinara"]
[Black "Odisharia, Teona"]
[Result "1-0"]
[TimeControl "90min/ 40moves+ 30min+ 30-sec increment from move 1"]
[WhiteTitle "-"]
[BlackTitle "-"]
[WhiteFideId "24157570"]
[BlackFideId "13602322"]
[WhiteElo "2408"]
[BlackElo "2167"]

1. d4 Nf6 2. c4 g6 3. Nc3 Bg7 4. e4 d6 5. Be2 e5 6. Nf3 O-O 7. d5 a5 8. Be3 Ng4 9. Bg5 f6 10.
Bh4 g5 11. Bg3 Nh6 12. Nd2 Na6 13. f3 Nc5 14. Nb3 b6 15. Nxc5 bxc5 16. Qd3 f5 17. h3 Rb8 18. O-O-O Bd7 19.
Nb5 Nf7 20. Be1 c6 21. dxc6 Bxc6 22. Bc3 d5 23. exd5 Bxb5 24. cxb5 Nd6 25. Qc2 Nxb5 26. Bxb5 Rxb5 27. d6 Qd7 28.
g4 Rb6 29. Qd2 Kh8 30. Qxg5 Rxd6 31. Rxd6 Qxd6 32. Rd1 Qg6 33. Qxg6 hxg6 34. Rd5 e4 35. Bxg7+ Kxg7 36. fxe4 fxe4 37.
Rxc5 e3 38. Re5 Rf3 39. Kc2 Rxh3 40. Rxa5 Rh2+ 41. Kd3 e2 42. Re5 e1=Q 43. Rxe1 Rxb2 44. Re2 Rb1 45. a4 Kf6 46. Re4 g5 47.
Kc4 Rc1+ 48. Kb5 Rf1 49. a5 Rb1+ 50. Rb4 Ra1 51. a6 Ke6 52. Kb6 Kd7 53. Kb7 Rc1 54. a7 Rc7+ 55. Ka6 1-0

[Event "European Women's Chess Championship (1-48)"]
[Site "Batumi, Georgia"]
[Date "2026.05.25"]
[Round "1.10"]
[White "Jimenez Fernandez, Rebeca"]
[Black "Salimova, Nurgyul"]
[Result "1/2-1/2"]
[TimeControl "90min/ 40moves+ 30min+ 30-sec increment from move 1"]
[WhiteTitle "-"]
[BlackTitle "-"]
[WhiteFideId "32070934"]
[BlackFideId "2915138"]
[WhiteElo "2166"]
[BlackElo "2404"]

1. e4 e5 2. Nf3 Nc6 3. Bb5 a6 4. Ba4 Nf6 5. O-O Be7 6. Re1 b5 7. Bb3 O-O 8. h3 d6 9. c3 Nb8 10.
d4 Nbd7 11. Nbd2 Bb7 12. Bc2 Re8 13. Nf1 Bf8 14. Ng3 h6 15. a4 bxa4 16. Rxa4 exd4 17. cxd4 d5 18. e5 Ne4 19. Ra1 Bb4 20.
Re2 Nxg3 21. fxg3 c5 22. Kh2 a5 23. Nh4 cxd4 24. Qd3 Nf8 25. Qxd4 Qc8 26. Bxh6 Qc4 27. Qxc4 dxc4 28. Bf4 Ne6 29.
Be3 c3 30. bxc3 Bxc3 31. Rb1 Ba6 32. Rf2 Bxe5 33. Nf3 Bf6 34. Bd2 Bc4 35. Ba4 Reb8 36. Rc1 Bd5 37. Be1 Ra7 38. Rd2 Be4 39.
Ra2 Bd5 40. Rd2 Be4 41. Ra2 g6 42. Bd1 Rb5 43. Be2 Rb2 44. Rxb2 Bxb2 45. Rc4 Bxf3 46. Bxf3 a4 47. Rc8+ Kh7 48.
Ra8 Rxa8 49. Bxa8 Nc7 50. Be4 a3 51. Bb1 Kg7 52. Kg1 Nd5 53. Ba2 Bd4+ 54. Kf1 Nc3 55. Bxc3 Bxc3 56. Ke2 f5 57.
Kf3 Bd2 58. h4 Kf6 59. g4 f4 60. g3 fxg3 61. Kxg3 Ke5 62. Kf3 Kd4 63. g5 Ke5 64. Kg4 Bc1 65. h5 gxh5+ 66. Kxh5 1/2-1/2

[Event "European Women's Chess Championship (1-48)"]
[Site "Batumi, Georgia"]
[Date "2026.05.25"]
[Round "1.11"]
[White "Kiolbasa, Oliwia"]
[Black "Abdinova, Narmin"]
[Result "1-0"]
[TimeControl "90min/ 40moves+ 30min+ 30-sec increment from move 1"]
[WhiteTitle "-"]
[BlackTitle "-"]
[WhiteFideId "1154613"]
[BlackFideId "13425340"]
[WhiteElo "2397"]
[BlackElo "2165"]

1. e4 c5 2. Nf3 d6 3. d4 cxd4 4. Nxd4 Nf6 5. Nc3 a6 6. g3 e5 7. Nb3 Be6 8. Bg2 Be7 9. O-O O-O 10.
Re1 Nbd7 11. a4 Qb8 12. a5 Rc8 13. Nd5 Nxd5 14. exd5 Bf5 15. c3 b6 16. Nd4 exd4 17. Rxe7 Kf8 18.
Qf3 Kxe7 19. Qxf5 h6 20. cxd4 bxa5 21. Bh3 Rxc1+ 22. Rxc1 Nf6 23. Qf4 Qb4 24. Rc6 Rd8 25. Rxa6 Qxb2 26.
Rxa5 Qb1+ 27. Bf1 Kf8 28. Rb5 Qe4 29. Qxe4 Nxe4 30. Rb6 Nd2 31. Be2 Re8 32. Ba6 Ne4 33. f3 Nc3 34. Rxd6 Re1+ 35.
Kf2 Rd1 36. Bb7 Rxd4 37. Bc6 Ke7 38. Rd7+ Kf6 39. Ke3 Rd1 40. h4 h5 41. g4 hxg4 42. fxg4 Rh1 43. d6 Rh3+ 44. Kd2 Nb1+ 45.
Ke1 Na3 46. Re7 Nc2+ 47. Kd2 Nd4 48. g5+ Kg6 49. Be8 Nb3+ 50. Ke1 Rh1+ 51. Kf2 Nc5 52. Rxf7 Kh7 53. Rf8 Rxh4 54. g6+ Kh6 55.
Rh8+ Kg5 56. Rxh4 Kxh4 57. Ke3 Kg5 58. Kd4 Nb7 59. Ke5 Nc5 60. Kd5 Nb7 61. Ke6 Na5 62. Kf7 Kh6 63. Ke7 Kg5 64.
Kf7 Kh6 65. Bb5 Nb7 66. d7 Nd8+ 67. Ke7 Nb7 68. Bd3 Kh5 1-0

[Event "European Women's Chess Championship (1-48)"]
[Site "Batumi, Georgia"]
[Date "2026.05.25"]
[Round "1.12"]
[White "Berke, Ana"]
[Black "Badelka, Olga"]
[Result "0-1"]
[TimeControl "90min/ 40moves+ 30min+ 30-sec increment from move 1"]
[WhiteTitle "-"]
[BlackTitle "-"]
[WhiteFideId "14510359"]
[BlackFideId "13509926"]
[WhiteElo "2164"]
[BlackElo "2392"]

1. e4 e6 2. d3 c5 3. Nf3 Nc6 4. Qe2 d6 5. g3 Nf6 6. Bg2 e5 7. c3 Be7 8. O-O O-O 9. Rd1 Qc7 10.
Na3 Re8 11. Nc2 h6 12. h3 Be6 13. Nh4 d5 14. Ne3 Rad8 15. Bd2 Bf8 16. Nhf5 d4 17. Ng4 Nxg4 18. hxg4 Qd7 19. c4 f6 20.
Bf3 a6 21. Kg2 b5 22. b3 Rb8 23. Rh1 bxc4 24. dxc4 a5 25. g5 fxg5 26. Bh5 Bxf5 27. Bxe8 Rxe8 28. exf5 Qxf5 29. Qf3 Qxf3+ 30. Kxf3 e4+ 31. Kg2 g6 32. Rad1 Bg7 33. Rhe1 Kf7 34. Bc1 Nb4 35. Bd2 Nc6 36. Bc1 Nb4 37. Bd2 g4 38. Bf4 Nc2 39.
Re2 d3 40. Rxc2 dxc2 41. Rc1 h5 42. Rxc2 Bd4 43. Re2 a4 44. bxa4 Ra8 45. Rxe4 Rxa4 46. Be3 Rxc4 47. Kf1 Ra4 48.
a3 Kf6 49. Bc1 Rc4 50. Bd2 Rc2 51. Be3 Kf5 52. Re8 Ra2 53. Bxd4 cxd4 54. Ra8 Ke4 55. a4 d3 56. Ke1 Kf3 57.
Rf8+ Kg2 58. Rf4 g5 59. Rd4 Re2+ 60. Kd1 Rxf2 61. Rxd3 h4 62. a5 h3 0-1

[Event "European Women's Chess Championship (1-48)"]
[Site "Batumi, Georgia"]
[Date "2026.05.25"]
[Round "1.13"]
[White "Buksa, Nataliya"]
[Black "Gueci, Tea"]
[Result "1/2-1/2"]
[TimeControl "90min/ 40moves+ 30min+ 30-sec increment from move 1"]
[WhiteTitle "-"]
[BlackTitle "-"]
[WhiteFideId "14123622"]
[BlackFideId "872342"]
[WhiteElo "2392"]
[BlackElo "2160"]

1. e4 c5 2. Nf3 Nc6 3. Bb5 e5 4. O-O Bd6 5. d3 Nf6 6. a4 a6 7. Bc4 O-O 8. Nc3 Be7 9. Bg5 d6 10.
h3 Be6 11. Bxf6 Bxf6 12. Nd5 Rb8 13. Qd2 b5 14. axb5 axb5 15. Bb3 Bxd5 16. Bxd5 Ne7 17. Bb3 Qc7 18. c4 bxc4 19. Bxc4 Qb7 20.
Ra6 Rfd8 21. Rfa1 Qxb2 22. Qe3 h6 23. h4 Qc2 24. Qe1 Qb2 25. g3 d5 26. exd5 Nxd5 27. Qe4 Nb6 28. R6a2 Qb4 29.
Rc2 Nxc4 30. Rxc4 Qb2 31. Rac1 Rb4 32. Re1 Qb3 33. Re3 Rxc4 34. dxc4 Rd1+ 35. Kg2 Qb1 36. Qxb1 Rxb1 37. Nxe5 Rb7 38.
f4 g6 39. Kf3 Rb4 40. Ke4 Bxe5 41. Kxe5 Rxc4 42. Kf6 Ra4 43. Re8+ Kh7 44. Kxf7 Ra7+ 45. Kf6 Ra6+ 46. Ke5 Ra3 47.
Re7+ Kg8 48. Rc7 Rxg3 49. Rxc5 h5 50. Kf6 Rg4 51. Rc7 Rxh4 52. Kxg6 Rxf4 53. Rc8+ Rf8 54. Rxf8+ Kxf8 55. Kxh5 1/2-1/2

[Event "European Women's Chess Championship (1-48)"]
[Site "Batumi, Georgia"]
[Date "2026.05.25"]
[Round "1.14"]
[White "Khachatryan, Anna"]
[Black "Danielian, Elina"]
[Result "1/2-1/2"]
[TimeControl "90min/ 40moves+ 30min+ 30-sec increment from move 1"]
[WhiteTitle "-"]
[BlackTitle "-"]
[WhiteFideId "13310780"]
[BlackFideId "13300210"]
[WhiteElo "2154"]
[BlackElo "2390"]

1. e4 d6 2. d4 g6 3. Nc3 Bg7 4. Bg5 c6 5. Qd2 b5 6. Nf3 Nf6 7. Bd3 h6 8. Be3 Qc7 9. h3 Nbd7 10.
O-O e5 11. dxe5 dxe5 12. a3 a6 13. Rfd1 Bb7 14. b4 Rd8 15. a4 Kf8 16. Ne2 Kg8 17. Qc3 Rc8 18. Ng3 Kh7 19. Qb3 Rhf8 20.
c4 bxa4 21. Qxa4 c5 22. b5 Ra8 23. Qa5 Qxa5 24. Rxa5 axb5 25. Rxb5 Bc6 26. Rb2 Ra3 27. Ne1 Rfa8 28. f3 Ne8 29. Nc2 R3a7 30. Ne2 Nc7 31. Nc3 Ne6 32.
Nd5 h5 33. Bf2 Bh6 34. Rdb1 Kg7 35. Bf1 Nd4 36. Ne1 Ra2 37.
Rxa2 Rxa2 38. Nd3 Ra6 39. Ne7 Ba4 40. Ne1 Bd2 41. Nd5 f6 42. Nd3 Kf7 43. Ra1 Ra5 44. Nb2 Bb3 45. Rxa5 Bxa5 46.
Be3 Nb8 47. Nd3 Na6 48. Nc1 Bc2 49. Bd3 Ba4 50. Kf2 Ke6 51. Bb1 h4 52. Bd3 Nb4 53. Bf1 Bc2 54. Be2 Nxd5 55. cxd5+ Kd6 56. Bc4 f5 57. Nd3 f4 58. Bxd4 cxd4 59. Ke2 Bc3 60. Ba6 g5 61.
Nf2 Ba5 62. Nd3 Bb3 63. Nf2 Bb6 64. Kd3 Kc5 65. Ng4 Bc7 66. Nh6 Bd8 67. Ng4 Bc7 68. Nh6 Bd8 69. Ng4 Bc7 1/2-1/2

[Event "European Women's Chess Championship (1-48)"]
[Site "Batumi, Georgia"]
[Date "2026.05.25"]
[Round "1.15"]
[White "Maltsevskaya, Aleksandra"]
[Black "Huseynova, Lala"]
[Result "1/2-1/2"]
[TimeControl "90min/ 40moves+ 30min+ 30-sec increment from move 1"]
[WhiteTitle "-"]
[BlackTitle "-"]
[WhiteFideId "24174041"]
[BlackFideId "13431781"]
[WhiteElo "2390"]
[BlackElo "2149"]

1. Nf3 d5 2. c4 c6 3. b3 Nf6 4. g3 Bg4 5. Bg2 Nbd7 6. Bb2 e6 7. O-O Be7 8. d4 O-O 9. Nc3 Bd6 10. Nd2 h6 11. h3 Bf5 12. e4 dxe4 13. Ndxe4 Nxe4 14. Nxe4 Bxe4 15.
Bxe4 Qe7 16. a4 f5 17. Bg2 f4 18. Qd3 Qg5 19. h4 Qg4 20. Bf3 Qh3 21. Bg2 Qg4 22. Bf3 Qh3 23. Bg2 Qg4 1/2-1/2

[Event "European Women's Chess Championship (1-48)"]
[Site "Batumi, Georgia"]
[Date "2026.05.25"]
[Round "1.16"]
[White "Mgeladze, Kesaria"]
[Black "Roebers, Eline"]
[Result "1/2-1/2"]
[TimeControl "90min/ 40moves+ 30min+ 30-sec increment from move 1"]
[WhiteTitle "-"]
[BlackTitle "-"]
[WhiteFideId "13621130"]
[BlackFideId "1058401"]
[WhiteElo "2147"]
[BlackElo "2389"]

1. e4 c5 2. Nf3 Nc6 3. d4 cxd4 4. Nxd4 Nf6 5. Nc3 e5 6. Ndb5 d6 7. Nd5 Nxd5 8. exd5 Nb8 9. a4 Be7 10.
Be2 O-O 11. O-O Bf5 12. Be3 a6 13. Na3 Nd7 14. Qd2 Bg6 15. a5 f5 16. f4 Qc7 17. Nc4 Bf6 18. Qb4 Rac8 19. c3 Be7 20.
Bb6 Nxb6 21. axb6 Qd8 22. Na5 Qd7 23. Nxb7 Qxb7 24. Bxa6 Qxd5 25. Bxc8 Rxc8 26. fxe5 Rb8 27. Rfd1 Qc6 28.
Ra7 Bd8 29. Rxd6 Bxb6+ 30. Kh1 Bxa7 31. Rxc6 Rxb4 32. cxb4 Be8 33. Rc8 Kf8 34. b5 Bd4 35. Rd8 Bb6 36. Rb8 Bc7 37. Rc8 Bb6 38.
Rb8 Bc7 39. Rb7 Bxe5 40. b6 Bc6 41. Ra7 Bb8 42. Ra5 Ke7 43. b7 Kd6 44. Rxf5 Ke7 45. Rc5 Kd7 46. Rf5 Ke7 47. Rg5 g6 48.
h4 Kd7 49. h5 Bxb7 50. hxg6 hxg6 51. Rxg6 Be5 52. Rb6 Bc6 53. Rb4 Kd6 54. b3 Bd5 55. Rb8 Kd7 56. Rb4 Bd6 57. Rd4 1/2-1/2

[Event "European Women's Chess Championship (1-48)"]
[Site "Batumi, Georgia"]
[Date "2026.05.25"]
[Round "1.17"]
[White "Efroimski, Marsel"]
[Black "Mamedjarova, Zeinab"]
[Result "1/2-1/2"]
[TimeControl "90min/ 40moves+ 30min+ 30-sec increment from move 1"]
[WhiteTitle "-"]
[BlackTitle "-"]
[WhiteFideId "2810964"]
[BlackFideId "13401521"]
[WhiteElo "2386"]
[BlackElo "2137"]

1. e4 e5 2. Nf3 Nc6 3. d4 exd4 4. Nxd4 Bc5 5. Nb3 Bb6 6. Nc3 Nf6 7. Qe2 d6 8. Be3 O-O 9. O-O-O Re8 10.
f3 Be6 11. Bg5 a5 12. a4 Bxb3 13. cxb3 h6 14. Bh4 Nb4 15. g4 c6 16. Qg2 Qe7 17. Kb1 Qe6 18. g5 hxg5 19. Bxg5 Nh7 20.
Bc1 Qxb3 21. Bh6 g6 22. Rxd6 Re6 23. Rxe6 Qxe6 24. f4 Bd4 25. f5 Qb3 26. fxg6 Bxc3 27. Bc4 Qxc4 28. bxc3 Qb3+ 29. Qb2 Qe6 30. cxb4 Qxe4+ 31. Ka2 Qd5+ 32. Qb3 Qg2+ 33. Qb2 Qd5+ 34.
Qb3 Qg2+ 35. Ka3 axb4+ 36. Kxb4 Qxg6 37. Qg3 Re8 38. Qxg6+ fxg6 39. Rd1 Nf6 40. Rd6 Re4+ 41. Kb3 Kf7 42.
Bg5 Re6 43. Rd8 b6 44. h4 Nd5 1/2-1/2

[Event "European Women's Chess Championship (1-48)"]
[Site "Batumi, Georgia"]
[Date "2026.05.25"]
[Round "1.18"]
[White "Skvortsova, Alena"]
[Black "Kulon, Klaudia"]
[Result "1-0"]
[TimeControl "90min/ 40moves+ 30min+ 30-sec increment from move 1"]
[WhiteTitle "-"]
[BlackTitle "-"]
[WhiteFideId "24166251"]
[BlackFideId "1131044"]
[WhiteElo "2135"]
[BlackElo "2377"]

1. e4 c5 2. Nf3 g6 3. d4 cxd4 4. Nxd4 Nc6 5. c4 Nf6 6. Nc3 d6 7. f3 Nxd4 8. Qxd4 Bg7 9. Be3 O-O 10.
Qd2 Be6 11. Rc1 Qa5 12. b3 Rfc8 13. Be2 a6 14. Nd5 Qxd2+ 15. Kxd2 Bxd5 16. cxd5 Nd7 17. Rxc8+ Rxc8 18. Rc1 Rxc1 19.
Kxc1 Bc3 20. a3 Ba5 21. b4 Bb6 22. Kd2 Kg7 23. a4 f5 24. Bxb6 Nxb6 25. a5 Na8 26. b5 axb5 27. Bxb5 fxe4 28.
fxe4 Nc7 29. Bd7 Na6 30. Bc8 Nc5 31. Bxb7 Nb3+ 32. Kc3 Nxa5 33. Bc8 Kf6 34. Kb4 Ke5 35. Kxa5 Kxe4 36. Be6 Ke3 37.
Kb5 Kf2 38. Kc6 Kxg2 39. Kd7 Kxh2 40. Kxe7 g5 41. Kxd6 h5 42. Ke5 g4 43. d6 g3 44. Bd5 h4 45. d7 h3 46. d8=Q g2 47.
Bxg2 Kxg2 48. Qg5+ Kh1 49. Kf4 h2 50. Kg3 1-0

[Event "European Women's Chess Championship (1-48)"]
[Site "Batumi, Georgia"]
[Date "2026.05.25"]
[Round "1.19"]
[White "Vega Gutierrez, Sabrina"]
[Black "Dwilewicz, Katarzyna"]
[Result "1-0"]
[TimeControl "90min/ 40moves+ 30min+ 30-sec increment from move 1"]
[WhiteTitle "-"]
[BlackTitle "-"]
[WhiteFideId "2219026"]
[BlackFideId "1148486"]
[WhiteElo "2375"]
[BlackElo "2131"]

1. e4 e5 2. Nf3 Nc6 3. d4 exd4 4. Bc4 Nf6 5. e5 Ne4 6. Qe2 Nc5 7. c3 d3 8. Qe3 Be7 9. b4 Ne6 10.
O-O O-O 11. Rd1 d6 12. Rxd3 Bd7 13. Na3 Nxe5 14. Nxe5 dxe5 15. Bxe6 fxe6 16. Nc4 Bh4 17. f3 Qe7 18. Nxe5 Ba4 19.
Bb2 a5 20. b5 Bg5 21. Qf2 Rad8 22. c4 Rxd3 23. Nxd3 Rd8 24. Qe2 c6 25. b6 c5 26. Re1 Qd6 27. Nf2 Qxb6 28. Bc3 Re8 29.
Qe4 Qc7 30. h4 Bf6 31. Bxf6 gxf6 32. Ng4 Qg7 33. Qf4 f5 34. Ne5 Rd8 35. Qe3 b6 36. f4 Rd4 37. Qf3 Rd8 38. Re3 Kh8 39.
h5 Qf6 40. Qh3 Bc2 41. h6 Ba4 42. Rg3 Be8 43. Rg5 Rd1+ 44. Kh2 Rd8 45. Qh4 Bg6 46. Qg3 Bf7 47. Qc3 Rd4 48. Nf3 Qxh6+ 49. Kg1 Qf6 50. Nxd4 cxd4 51. Qa3 Qd8 52. Rg3 e5 53. fxe5 f4 54. Rf3 Bxc4 55. Rxf4 Kg7 56. Qd6 Qxd6 57.
exd6 Be6 58. Rxd4 Bd7 59. Re4 Kf6 60. Re7 Bf5 61. g4 Bb1 62. g5+ Kxg5 63. d7 1-0

[Event "European Women's Chess Championship (1-48)"]
[Site "Batumi, Georgia"]
[Date "2026.05.25"]
[Round "1.20"]
[White "Ptacnikova, Lenka"]
[Black "Mammadzada, Gunay"]
[Result "0-1"]
[TimeControl "90min/ 40moves+ 30min+ 30-sec increment from move 1"]
[WhiteTitle "-"]
[BlackTitle "-"]
[WhiteFideId "305650"]
[BlackFideId "13403729"]
[WhiteElo "2126"]
[BlackElo "2374"]

1. Nf3 d5 2. e3 Nf6 3. c4 e6 4. Nc3 Nbd7 5. b3 b6 6. Bb2 Bb7 7. d4 Bd6 8. g3 c5 9. dxc5 Bxc5 10.
cxd5 Nxd5 11. Nxd5 Bxd5 12. a3 O-O 13. Bg2 Be7 14. O-O Bf6 15. Bxf6 Qxf6 16. Qd4 Qe7 17. b4 Nf6 18. Rac1 Qb7 19.
Nh4 Bxg2 20. Nxg2 Rad8 21. Qb2 Ne4 22. Rfd1 Ng5 23. Qe2 Nf3+ 24. Kh1 Qe4 25. Rc7 h6 26. Rxa7 Rxd1+ 27. Qxd1 Rc8 28. Nf4 Nd2+ 29. Kg1 Rd8 30.
Qh5 Qb1+ 0-1